AoeStats
← Peshmerga424

Scandinavia

510582681Analyzed
1v1 RM · 11h ago on Oct 1, 2026· 39m 48s· 2 players
Game mode
Random Map
Map size
Tiny (2 player)
Population
200
Speed
Normal
Resources
Standard
Victory
Conquest
Starting age
Dark Age
Ending age
Imperial Age
RankedLock teamsTeams togetherTeam positionsShared explorationLock speedFull tech treeHidden civsTurbo modeCheats
Victory
Defeat
🇸🇪 Sicilians · Sweden
1361
+17
🇸🇰 Britons · Slovakia
1376
-17
AngryTomato
7:03 Loom
9:49 Feudal Age
10:24 Double-Bit Axe
17:28 Castle Age
16:17 Fletching
18:09 Bodkin Arrow
18:41 Crossbowman
26:14 Bow Saw
29:58 Ballistics
37:18 Imperial Age
39:52 Bracer
Peshmerga424
7:29 Loom
9:47 Feudal Age
22:19 Castle Age
20:29 Double-Bit Axe
21:07 Horse Collar
21:19 Gold Mining
32:08 Imperial Age
30:19 Fletching
30:39 Forging
31:11 Bow Saw
32:30 Wheelbarrow
38:55 Bloodlines
Connection lost

Rejoining the realm…

Still unreachable

The connection could not be restored.

Session expired

The server has moved on; the page needs a fresh start.